 Dungeon Crawl Stone Soup version 0.29.1-14-g9c671dbff4 (webtiles) character file.

Game seed: 2139615992190465008

713 booth the Charlatan (level 7, -1/50 HPs)
             Began as a Demonspawn Artificer on Feb 12, 2023.
             Slain by Pikel
             ... wielding a +0 whip of freezing
              (7 damage)
             ... on level 4 of the Dungeon on Feb 13, 2023.
             The game lasted 00:33:38 (4641 turns).

booth the Charlatan (Demonspawn Artificer)          Turns: 4641, Time: 00:33:38

Health: -1/50      AC:  4    Str: 14    XL:     7   Next: 41%
Magic:  7/7        EV: 12    Int: 13    God:
Gold:   163        SH:  0    Dex: 13    Spells: 6/6 levels left

rFire   . . .      SeeInvis .   l - +2 dagger (venom)
rCold   . . .      Faith    .   (no shield)
rNeg    . . .      Spirit   .   b - +1 leather armour
rPois   .          Reflect  .   (no helmet)
rElec   .          Harm     .   (no cloak)
rCorr   .          Rampage  .   (no gloves)
Will    .....                   (no boots)
Stlth   ++........              (no amulet)
HPRegen 0.16/turn               (no ring)
MPRegen 0.10/turn               (no ring)

@: about to teleport
A: ignite blood 1, spiny 1, weakness stinger 1
a: no special abilities


You were on level 4 of the Dungeon.
You visited 1 branch of the dungeon, and saw 5 of its levels.

You collected 163 gold pieces.

Inventory:

Hand Weapons
 a - a +0 club
 j - a +0 mace
 l - a +2 dagger of venom (weapon)
Missiles
 h - 4 boomerangs
 m - 2 poisoned darts (quivered)
 q - 5 atropa-tipped darts
Armour
 b - a +1 leather armour (worn)
Wands
 d - a wand of charming (15)
 e - a wand of iceblast (5)
 i - a wand of polymorph (10)
Scrolls
 c - a scroll of vulnerability {unknown}
 f - 2 scrolls of enchant armour
 k - 3 scrolls of teleportation
 n - a scroll of enchant weapon {unknown}
 r - a scroll of amnesia {unknown}
 v - a scroll of immolation {unknown}
Potions
 g - 2 potions of curing
 o - a potion of cancellation
 p - a potion of haste
 s - a potion of attraction {unknown}
 t - a potion of brilliance {unknown}
 u - 2 potions of heal wounds {unknown}
 w - 2 potions of mutation


   Skills:
 + Level 2.2 Fighting
 + Level 3.0 Short Blades
 + Level 2.7 Maces & Flails
 + Level 3.1 Armour
 + Level 2.8 Dodging
 + Level 3.0 Stealth
 + Level 4.2 Evocations


You had 6 spell levels left.
You didn't know any spells.
Your spell library contained the following spells:

 Spells                   Type           Power      Damage    Failure   Level
 Blink                    Tloc           0%         N/A       50%         2
 Ignite Poison            Fire/Tmut/Pois 0%         N/A       75%         3
 Lesser Beckoning         Tloc           0%         N/A       75%         3
 Mephitic Cloud           Conj/Pois/Air  0%         N/A       75%         3
 Freezing Cloud           Conj/Ice/Air   0%         6-21      100%        5
 Manifold Assault         Tloc           0%         N/A       100%        5


Dungeon Overview and Level Annotations

Branches:
Dungeon (5/15)
 Temple: D:4-7

Altars:
Qazlal
Sif Muna

Shops:
D:2 *   D:4 (=[

Annotations:
D:4 Pikel


Innate Abilities, Weirdness & Mutations

Your demonic aura sometimes causes spilled blood to erupt in flames.
You are partially covered in sharp spines.
You have a small tail.


Message History

Pikel freezes you.
You hit Pikel but do no damage.
Pikel is poisoned.
Pikel is lightly wounded.
Pikel is struck by your spines.
Pikel hits you with a +0 whip of freezing.
Pikel freezes you. Pikel attacks as you move away!
Pikel is struck by your spines.
Pikel hits you with a +0 whip of freezing!
* * * LOW HITPOINT WARNING * * *
Pikel freezes you.
* * * LOW HITPOINT WARNING * * *
You closely miss Pikel.
Pikel is lightly wounded.
You hit Pikel but do no damage.
Pikel looks as sick as possible!
Pikel is lightly wounded.
Pikel hits you with a +0 whip of freezing.
* * * LOW HITPOINT WARNING * * *
Pikel freezes you.
* * * LOW HITPOINT WARNING * * *
You feel better. Pikel barely misses you.
As you read the scroll of teleportation, it crumbles to dust.
You feel strangely unstable. Pikel is struck by your spines.
Pikel closely misses you.
You barely miss Pikel.
Your tail-slap misses Pikel.
Pikel is moderately wounded.
Pikel is struck by your spines.
Pikel hits you with a +0 whip of freezing.
* * * LOW HITPOINT WARNING * * *
Pikel freezes you.
* * * LOW HITPOINT WARNING * * *
You hit Pikel.
Pikel looks as sick as possible!
Pikel is heavily wounded.
Pikel hits you with a +0 whip of freezing.
* * * LOW HITPOINT WARNING * * *
Pikel freezes you.
* * * LOW HITPOINT WARNING * * *
You barely miss Pikel.
Pikel is heavily wounded.
Pikel hits you with a +0 whip of freezing!
You die...

.....##≈.####~~≈####.............
..#.###≈≈....≈≈≈# #......#.......
..######≈≈≈≈≈≈≈####......##......
...##..##≈≈≈≈≈##.##...#...#......
....#...###≈###..##...#..........
#..##.#...###....##.K.##.........
#...#.............#..............
)...#.............#............##
[.........###.#.@K............###
..........#.######.............##
............................##...
..........##................#....
.....#......#.###................
.##..#......#..#.................
##...####........................
##....# #..#####..............#<.
...>.## ##.## #..............#..


You could see Pikel (extremely poisoned).

Vanquished Creatures
  Grinder (D:3)
  Eustachio (D:4)
  A black bear (D:4)
  4 lemures (D:4)
  A phantom (D:4)
  An orc priest (D:4)
  An iguana (D:4)
  2 orc wizards (D:4)
  3 adders
  An ufetubus (D:4)
  3 dart slugs
  8 orcs
  9 ball pythons
  5 endoplasms
  3 giant cockroaches (D:1)
  7 goblins
  4 hobgoblins
  3 jackals (D:4)
  9 bats
  A frilled lizard (D:2)
  10 kobolds
  3 rats
81 creatures vanquished.

Notes
Turn   | Place    | Note
-------+----------+-------------------------------------------
     0 | D:1      | booth the Demonspawn Artificer began the quest for the Orb.
     0 | D:1      | Reached XP level 1. HP: 15/15 MP: 1/1
   370 | D:1      | Gained mutation: Your demonic aura sometimes causes spilled
                  | blood to erupt in flames. [demonic ancestry]
   370 | D:1      | Reached XP level 2. HP: 18/21 MP: 2/2
   695 | D:1      | Reached skill level 1 in Dodging
   698 | D:1      | Reached skill level 1 in Stealth
   707 | D:1      | Reached skill level 1 in Maces & Flails
   869 | D:1      | Gained mutation: You are partially covered in sharp spines.
                  | [demonic ancestry]
   869 | D:1      | Reached XP level 3. HP: 26/26 MP: 3/3
  1400 | D:2      | Found a faded altar of an unknown god.
  1557 | D:2      | Found Tett's General Store.
  2341 | D:3      | Found a stormy altar of Qazlal.
  2423 | D:3      | You fall into a shaft and drop 2 floors!
  2423 | D:5      | Entered Level 5 of the Dungeon
  2441 | D:5      | Reached XP level 4. HP: 31/32 MP: 4/4
  2618 | D:4      | Noticed a lemure
  2659 | D:4      | Noticed a black bear
  2718 | D:3      | Noticed Grinder
  2730 | D:3      | Paralysed by Grinder for 3 turns
  2736 | D:3      | Killed Grinder
  2737 | D:3      | Reached skill level 1 in Short Blades
  2737 | D:3      | Reached skill level 4 in Evocations
  2737 | D:3      | Gained mutation: You have a small tail. [demonic ancestry]
  2737 | D:3      | Reached XP level 5. HP: 9/38 MP: 5/5
  2737 | D:3      | Reached XP level 6. HP: 10/44 MP: 6/6
  3480 | D:4      | Found Nuhoer's Antique Armour Boutique.
  3481 | D:4      | Found Punirots's Jewellery Shop.
  3481 | D:4      | Found Moossoem's Antique Weapon Emporium.
  3920 | D:4      | Reached XP level 7. HP: 30/50 MP: 7/7
  4214 | D:4      | Noticed Eustachio
  4273 | D:4      | Killed Eustachio
  4416 | D:4      | Found a shimmering blue altar of Sif Muna.
  4585 | D:4      | Noticed Pikel
  4641 | D:4      | Slain by Pikel

Illustrated notes

Levels and vault maps discovered:
D:1:      minmay_arrival_plants_in_alcoves, layout_basic
D:2:      layout_loops_corners, dilly_ecumenical_altar_fadedgnrine,
          serial_shops, shop, serial_glass, glass_columns_b, glass_columns_b
D:3:      layout_rooms, nicolae_qazlal_eye_of_the_storm, uniq_grinder
D:4:      layout_cave_pools, kennysheep_orc_sif_temple, corexii_checkpoint_a,
          chequers_serial_rivers_large_b, nicolae_wooded_promenade,
          minmay_misc_feat_doors, uniq_pikel, uniq_eustachio
D:5:      layout_rooms, good_gods_temple_1, serial_shops, shop, st_stairs_10,
          minmay_shop_damaged

Skill      XL: |  1  2  3  4  5  6  7 |
---------------+----------------------+-----
Dodging        | 1 2 |  2.8
Stealth        | 1 2 3 |  3.0
Maces & Flails | 1 2 |  2.7
Armour         | 2 3 |  3.1
Short Blades   | 1 2 3 |  3.0
Evocations     | 4 |  4.2
Fighting       | 2 |  2.2

Action                   |  1- 3 |  4- 6 |  7- 9 || total
-------------------------+-------+-------+-------++-------
Melee: Club              |    69 |       |       ||    69
       Dagger            |    39 |    68 |    41 ||   148
       Tailslap          |       |     7 |     6 ||    13
       Punch             |       |       |     1 ||     1
Throw: Dart              |       |       |     2 ||     2
Evoke: Wand              |    12 |     3 |       ||    15
  Use: Potion            |     1 |       |     1 ||     2
       Scroll            |     4 |     1 |     1 ||     6
 Stab: Distracted        |     1 |       |       ||     1
       Sleeping          |     1 |       |       ||     1
Armor: Leather armour    |    40 |     8 |     2 ||    50
Dodge: Dodged            |    90 |    36 |    11 ||   137
